 Dungeon Crawl Stone Soup version 0.30.1-11-g7821555f0a (webtiles) character file.

Game seed: 17337898907831160056

28 Dirkles the Slasher (level 3, -3/33 HPs)
             Began as an Armataur Chaos Knight on Jan 4, 2024.
             Was a Plaything of Xom.
             Slain by Sigmund
             ... wielding a +0 scythe
              (10 damage)
             ... on level 2 of the Dungeon.
             The game lasted 00:02:34 (746 turns).

Dirkles the Slasher (Armataur Chaos Knight)          Turns: 746, Time: 00:02:34

Health: -3/33      AC:  6    Str: 19    XL:     3   Next: 0%
Magic:  3/3        EV:  9    Int: 12    God:    Xom [.*....]
Gold:   28         SH:  5    Dex:  9    Spells: 2/2 levels left

rFire   . . .        a - +0 falchion (chaos)
rCold   . . .        (no shield)
rNeg    . . .        b - +2 leather armour
rPois   .            (no helmet)
rElec   .            (no cloak)
rCorr   .            (no gloves)
SInv    .            (no barding)
Will    .....        g - amulet of reflection
Stlth   +            (no ring)
HPRegen 0.25/turn    (no ring)
MPRegen 0.08/turn

%: reflection, roll
@: no status effects
A: large, rugged brown scales 3, deformed body, armoured tail, roll, long
tongue, awkward tongue
a: Renounce Religion


You were on level 2 of the Dungeon.
You worshipped Xom.
You were a plaything of Xom.
You visited 1 branch of the dungeon, and saw 2 of its levels.

You collected 28 gold pieces.

Inventory:

Hand Weapons
 a - a +0 falchion of chaos (weapon)
Missiles
 i - a throwing net
Armour
 b - a +2 leather armour (worn)
Jewellery
 g - an amulet of reflection (around neck)
Scrolls
 e - a scroll of identify {unknown}
 f - 2 scrolls of silence {unknown}
 h - a scroll of poison {unknown}
 k - a scroll of acquirement {unknown}
 l - a scroll of teleportation {unknown}
 m - a scroll of enchant armour {unknown}
Potions
 d - a potion of curing {unknown}
 j - a potion of resistance {unknown}
Miscellaneous
 c - a piece from Xom's chessboard (15/15) (quivered)


   Skills:
 + Level 3.1 Fighting
 + Level 3.3 Long Blades
 + Level 2.4 Armour
 + Level 0.8 Dodging
 + Level 0.1 Stealth


You had 2 spell levels left.
You didn't know any spells.
Your spell library was empty.

Dungeon Overview and Level Annotations

Branches:
Dungeon (2/15)

Altars:

Annotations:
D:2 Sigmund


Innate Abilities, Weirdness & Mutations

You are completely covered in rugged brown scales. (AC +3, +7% HP)
Armour fits poorly on your strangely shaped body.
You have a long armoured tail.
You roll when moving toward enemies. (Rampage)
Your long tongue fully drains potion bottles. (2x potion effects)
Your tongue gives you trouble enunciating. (1.5x scroll delay)


Message History

You miss the frilled lizard. The frilled lizard barely misses you.
Sigmund barely misses you.
Are you sure you want to stumble around while confused and next to your crimson imp? [Y]es or [N]o only, please.
Are you sure you want to stumble around while confused and next to your crimson imp? [Y]es or [N]o only, please.
Are you sure you want to stumble around while confused and next to your crimson imp?
Okay, then.
Your crimson imp barely misses the frilled lizard.
The frilled lizard bites you but does no damage.
You feel less confused. Sigmund gestures at you while chanting.
The puff of flame hits you.
Your iron imp hits the frilled lizard!
The frilled lizard dies!
You have reached level 3!
Your experience leads to an increase in your attributes!
Increase (S)trength, (I)ntelligence, or (D)exterity?
You feel stronger. x2
You roll towards Sigmund!
You hit Sigmund.
Sigmund is lightly wounded.
Sigmund completely misses you.
You hit Sigmund but do no damage.
Sigmund is poisoned.
Your tail-slap misses Sigmund.
Sigmund is lightly wounded.
Your crimson imp barely misses Sigmund.
Sigmund misses you.
You hit Sigmund.
Your tail-slap misses Sigmund.
Sigmund is moderately wounded.
Your crimson imp barely misses Sigmund.
Sigmund hits you with a +0 scythe.
* * * LOW HITPOINT WARNING * * *
Found a stone staircase leading up.
Your crimson imp barely misses Sigmund.
You hit Sigmund but do no damage.
Sigmund is heavily wounded.
Your crimson imp completely misses Sigmund.
Sigmund barely misses you.
Your iron imp hits Sigmund but does no damage.
You closely miss Sigmund.
Your tail-slap misses Sigmund.
Sigmund is heavily wounded.
Your crimson imp closely misses Sigmund.
Sigmund hits you with a +0 scythe!
You die...

#< #. #.
#####.
.....
####.#.###
.........#
#@@.#
#55.#
#...#
#......#
#....#.# .
#.!... ..
.. #.#....
... .#.
........
......
##.#......
.?...


You could see Sigmund (poisoned, ally target), a friendly iron imp (summoned)
and a friendly crimson imp (summoned).

Vanquished Creatures
  A worm (D:2)
  2 dart slugs
  3 endoplasms
  3 giant cockroaches
  2 goblins
  A kobold (D:1)
  A quokka (D:1)
  A ball python (D:1)
  2 bats (D:1)
  A frilled lizard (D:1)
  2 rats (D:1)
19 creatures vanquished.

Vanquished Creatures (collateral kills)
  A frilled lizard (D:2)
  A rat (D:1)
2 creatures vanquished.

Vanquished Creatures (others)
  A quokka zombie (D:1)
1 creature vanquished.

Grand Total: 22 creatures vanquished

Notes
Turn   | Place    | Note
-------+----------+-------------------------------------------
     0 | D:1      | Dirkles the Armataur Chaos Knight began the quest for the
                  | Orb.
     0 | D:1      | Reached XP level 1. HP: 19/19 MP: 1/1
   210 | D:1      | XOM: silly message
   220 | D:1      | Reached XP level 2. HP: 27/27 MP: 2/2
   523 | D:1      | XOM: silly message
   550 | D:1      | XOM: silly message
   730 | D:2      | Noticed Sigmund
   730 | D:2      | XOM: 6-stop teleportation journey
   737 | D:2      | XOM: summons 2 friendly demons
   741 | D:2      | Reached XP level 3. HP: 12/33 MP: 3/3
   746 | D:2      | Slain by Sigmund

Illustrated notes

Levels and vault maps discovered:
D:1:      lightli_arrival_flooded_house, layout_rooms, serial_bayou_lagoon_a
D:2:      layout_basic, nicolae_elevator_lobby_asterisk, uniq_sigmund

Skill      XL: |  1  2 |
---------------+-------+-----
Fighting       | 3 |  3.1
Long Blades    | 3 |  3.3
Armour         | |  2.4
Dodging        | |  0.8
Stealth        | |  0.1

Action                     || total
---------------------------++-------
  Melee: Falchion          ||    70
         Tailslap          ||     8
         Punch             ||     2
   Stab: Sleeping          ||     1
 Armour: Leather armour    ||    30
  Dodge: Dodged            ||    30
  Block: Other             ||     1
